 Dungeon Crawl Stone Soup version 0.31.0-11-ge490571c62 (webtiles) character file.

Game seed: 2681631189529822474

118 SnakkuSnakku7 the Cudgeller (level 4, -1/34 HPs)
             Began as a Mummy Alchemist on Jan 27, 2024.
             Slain by a cerulean imp
             ... wielding a +0 spear
             ... summoned by Natasha
              (2 damage)
             ... on level 3 of the Dungeon.
             The game lasted 00:04:12 (3065 turns).

SnakkuSnakku7 the Cudgeller (Mummy Alchemist)       Turns: 3065, Time: 00:04:12

Health: -1/34      AC:  4    Str: 13    XL:     4   Next: 72%
Magic:  8/8        EV: 11    Int: 14    God:
Gold:   27         SH:  0    Dex: 12    Spells: 7/8 levels left

rFire   x . .        a - +1 morningstar (heavy)
rCold   + . .        (no shield)
rNeg    + + +        i - +0 leather armour
rPois   ∞            (no helmet)
rElec   .            j - +0 cloak
rCorr   .            (no gloves)
SInv    .            (no boots)
Will    .....        (no amulet)
Stlth   +            (no ring)
HPRegen 0.25/turn    (no ring)
MPRegen 0.11/turn

%: faith
@: no status effects
A: cold resistance 1, negative energy resistance 3, torment resistance 2, heat
vulnerability 1, in touch with death 1, no potions, faith
a: no special abilities


You were on level 3 of the Dungeon.
You visited 1 branch of the dungeon, and saw 4 of its levels.

You collected 169 gold pieces.
You spent 142 gold pieces at shops.

Inventory:

Hand Weapons
 a - a +1 heavy morningstar (weapon)
 d - a +0 whip
Armour
 i - a +0 leather armour (worn)
 j - a +0 cloak (worn)
 k - a +0 robe
Jewellery
 g - a ring of protection from fire
Wands
 l - a wand of flame (11)
Scrolls
 b - a scroll of poison {unknown}
 c - 4 scrolls of teleportation {unknown}
 e - 3 scrolls of identify {unknown}
 f - a scroll of immolation {unknown}
 h - a scroll of blinking {unknown}


   Skills:
 - Level 2.4 Fighting
 + Level 2.8 Maces & Flails
 - Level 1.5 Dodging
 - Level 1.5 Stealth
 - Level 2.6 Spellcasting
 - Level 0.7 Conjurations
 - Level 2.4 Alchemy


You had 7 spell levels left.
You knew the following spells:

 Your Spells              Type           Power      Damage    Failure   Level
a - Sting                 Conj/Alch      24%        1d4       16%         1

Your spell library contained the following spells:

 Spells                   Type           Power      Damage    Failure   Level
 Mercury Vapours          Alch/Air       10%        N/A       26%         2
 Mephitic Cloud           Conj/Alch/Air  4%         N/A       50%         3
 Olgreb's Toxic Radiance  Alch           8%         N/A       71%         4
 Sticky Flame             Fire/Alch      5%         2d4       86%         4


Dungeon Overview and Level Annotations

Branches:
Dungeon (4/15)
 Temple: D:4-7

Altars:
Trog
Vehumet

Shops:
D:2 =?=(

Annotations:
D:3 Natasha


Innate Abilities, Weirdness & Mutations

You are immune to poison.
Your flesh is cold resistant. (rC+)
You are immune to negative energy. (rN+++)
You are immune to unholy pain and torment.
You are vulnerable to heat. (rF-)
You are in touch with the powers of death.
You do not drink.
You have a special connection with the divine. (Faith)


Message History

Unknown command.
Natasha hisses angrily.
Natasha mumbles some strange words.
You closely miss Natasha. Natasha claws you.
The cerulean imp barely misses you. Natasha closely misses you.
The cerulean imp closely misses you.
You closely miss Natasha. Natasha claws you.
The cerulean imp hits you from afar with a +2 spear.
Natasha misses you. The cerulean imp barely misses you.
You sock Natasha!
Natasha is almost dead.
Natasha stares at you and mumbles some strange words.
You resist with some effort.
The cerulean imp hits you but does no damage.
Natasha casts a spell at you. You resist with some effort.
The cerulean imp closely misses you.
You barely miss Natasha.
Natasha is almost dead.
Natasha claws you. The cerulean imp barely misses you.
Natasha mumbles some strange words.
The cerulean imp misses you.
You closely miss Natasha.
Natasha is almost dead.
Natasha claws you!
The cerulean imp hits you from afar with a +2 spear.
The cerulean imp hits you with a +0 spear.
* * * LOW HITPOINT WARNING * * *
Natasha claws you!
* * * LOW HITPOINT WARNING * * *
The cerulean imp hits you but does no damage.
You hit Natasha.
Natasha is almost dead.
Natasha stares at you and mumbles some strange words.
You resist with some effort.
The cerulean imp hits you with a +0 spear.
* * * LOW HITPOINT WARNING * * *
The cerulean imp closely misses you.
Natasha mumbles some strange words.
The cerulean imp hits you with a +0 spear.
You die...

....# #.# ##'#.# ....### #.#
#....## ......########.# #.....#
...............# #.....#
.......######### #.....# ..####.#
#.#### #.....###### #.####.#
#>...# ##.[........ #.##...##
#....#######...#######
#.##....####...5@h............###
......_............######.###.##.
#####....##.####55........###.##.
##...##....).##.####)........
#.####.#.#####.)..#.####.###
#.####...# ####.>.# #.#
#.......## ##.#####.# #.......#
#.......# ######### #######.#


You could see Natasha and 3 cerulean imps.

Vanquished Creatures
  Natasha (D:3)
  3 adders (D:2)
  An orc (D:4)
  10 endoplasms
  2 giant cockroaches
  4 hobgoblins
  7 jackals
  5 quokkas
  3 ball pythons
  3 bats
  A frilled lizard (D:3)
  7 goblins
  7 kobolds
  4 rats
58 creatures vanquished.

Notes
Turn   | Place    | Note
-------+----------+-------------------------------------------
     0 | D:1      | SnakkuSnakku7 the Mummy Alchemist began the quest for the
                  | Orb.
     0 | D:1      | Reached XP level 1. HP: 13/13 MP: 4/4
    52 | D:1      | Reached skill level 1 in Fighting
   310 | D:1      | Reached XP level 2. HP: 22/22 MP: 2/5
   848 | D:2      | Found Foett's Weapon Boutique.
   908 | D:2      | Reached XP level 3. HP: 12/28 MP: 7/7
  1084 | D:2      | Reached skill level 1 in Maces & Flails
  1317 | D:2      | Found Pomog's Jewellery Boutique.
  1459 | D:2      | Found a faded altar of an unknown god.
  1599 | D:2      | Found Nuus's Jewellery Shop.
  1701 | D:2      | Found Omat's Magic Scroll Shoppe.
  1869 | D:3      | Noticed Natasha
  1878 | D:3      | Killed Natasha
  1879 | D:3      | Reached XP level 4. HP: 7/34 MP: 4/8
  2054 | D:3      | Noticed Natasha
  2367 | D:3      | Found a bloodstained altar of Trog.
  2869 | D:2      | Bought a +1 heavy morningstar for 142 gold pieces
  2918 | D:4      | Found a radiant altar of Vehumet.
  3006 | D:4      | Noticed an orc warrior
  3064 | D:3      | HP: 1/34 [Natasha (7)]
  3065 | D:3      | Slain by a cerulean imp

Illustrated notes

Levels and vault maps discovered:
D:1:      lightli_arrival_statuegarden, layout_basic
D:2:      layout_loops_ring, basic_altar, chequers_ecumenical_altar_simple,
          serial_shops, shop, nicolae_lakefront_shop,
          nicolae_shop_real_fake_doors, nicolae_diamond_shop
D:3:      layout_basic, nicolae_overflow_crystal_walls, uniq_natasha
D:4:      layout_loops_corners, vehumet_altar_wand_db, temple_fountains,
          portal_sewer_entry_f, minivault_25, minmay_fractal_squares_5

Skill      XL: |  1  2  3 |
---------------+----------+-----
Fighting       | 1 2 |  2.4
Maces & Flails | 2 |  2.8
Dodging        | |  1.5
Stealth        | |  1.5
Spellcasting   | |  2.6
Conjurations   | |  0.7
Alchemy        | |  2.4

Action                     |  1- 3 |  4- 6 || total
---------------------------+-------+-------++-------
  Melee: Unarmed           |     9 |       ||     9
         Punch             |     1 |     1 ||     2
         Whip              |   131 |    88 ||   219
         Morningstar       |       |    11 ||    11
   Cast: Sting             |    21 |       ||    21
   Stab: Sleeping          |     1 |     1 ||     2
 Armour: Robe              |    78 |       ||    78
         Leather armour    |     6 |    96 ||   102
  Dodge: Dodged            |   109 |    70 ||   179
